 Dungeon Crawl Stone Soup version 0.21.1-1-g345015fe64 (webtiles) character file.

115324 Gargoyl the Corrupter of Planes (level 16, -6/134 HPs)
             Began as a Centaur Abyssal Knight on July 4, 2018.
             Was the Champion of Lugonu.
             Mangled by an ettin
             ... wielding a +0 dire flail
              (7 damage)
             ... on level 15 of the Dungeon.
             The game lasted 01:06:09 (30530 turns).

Gargoyl the Corrupter of Planes (CeAK)             Turns: 30530, Time: 01:06:10

Health: -6/134     AC: 42    Str: 20    XL:     16   Next: 18%
Magic:  25/25      EV:  7    Int: 11    God:    Lugonu [******]
Gold:   1541       SH: 17    Dex: 18    Spells: 15/15 levels left

rFire    + + .     SeeInvis +   j - +3 hand axe (freeze)
rCold    + . .     Gourm    .   v - +0 large shield
rNeg     . . .     Faith    .   k - +8 plate armour of Aseeh {rF+ Dex+4 SInv}
rPois    +         Spirit   .   z - +0 helmet
rElec    +         Reflect  .   n - +2 cloak {rF+}
rCorr    .         Harm     .   D - +2 pair of gloves {Dex+3}
MR       ++...                  a - +3 centaur barding of Feasting {+Inv rElec}
Stlth    ..........             q - amulet of regeneration
HPRegen  0.72/turn              p - ring of protection from magic
MPRegen  0.19/turn              S - ring of poison resistance

@: berserk cooldown, slowed
A: large, hooves 3, repulsion field 1, molten scales 1, thin metallic scales 1,
cold resistance 1, deformed body, speed 2, screaming 1, tough skin 3
a: Depart the Abyss, Bend Space, Banish, Corrupt, Enter the Abyss, Brand Weapon
With Distortion, Renounce Religion, Evoke Invisibility


You were on level 15 of the Dungeon.
You worshipped Lugonu.
Lugonu was exalted by your worship.
You were not hungry.

You visited 5 branches of the dungeon, and saw 25 of its levels.
You visited the Abyss 1 time.
You also visited: Ossuary and Volcano.

You collected 3002 gold pieces.
You spent 1461 gold pieces at shops.

Inventory:

Hand Weapons
 j - a +3 hand axe of freezing (weapon)
 V - a +0 broad axe of flaming
 X - a +3 war axe
 Y - a +0 hand axe of electrocution
Missiles
 s - 34 tomahawks
 t - 8 javelins (quivered)
Armour
 a - the +3 centaur barding of Feasting (worn) {+Inv rElec}
   (You acquired it on level 15 of the Dungeon)

   It insulates you from electricity.
   It lets you turn invisible.
 k - the +8 plate armour of Aseeh (worn) {rF+ Dex+4 SInv}
   (You found it on level 6 of the Lair of Beasts)

   It affects your dexterity (+4).
   It protects you from fire.
   It lets you see invisible.
 n - a +2 cloak of fire resistance (worn)
 v - a +0 large shield (worn)
 z - a +0 helmet (worn)
 D - a +2 pair of gloves of dexterity (worn)
Jewellery
 p - a ring of protection from magic (left hand)
 q - an amulet of regeneration (around neck)
 N - an uncursed ring of protection from cold
 S - a ring of poison resistance (right hand)
Wands
 h - a wand of flame (86)
 y - a wand of iceblast (13)
 G - a wand of paralysis (43)
 O - a wand of disintegration (13)
 P - a wand of clouds (7)
 T - a wand of scattershot (2)
Scrolls
 b - 14 scrolls of remove curse
 f - 5 scrolls of amnesia
 u - 5 scrolls of blinking
 A - 7 scrolls of identify
 B - 6 scrolls of teleportation
 R - a scroll of magic mapping
 U - a scroll of fear
 Z - a scroll of enchant armour
Potions
 e - 8 potions of heal wounds
 g - 2 potions of agility
 i - a potion of ambrosia
 l - 3 potions of flight
 m - 16 potions of curing
 o - 2 potions of berserk rage
 r - a potion of invisibility
 w - 5 potions of resistance
 x - 2 potions of brilliance
 C - 10 potions of lignification
 H - 2 potions of magic
 J - 4 potions of haste
 L - 3 potions of might
Books
 d - a book of Misfortune

   Spells                             Type                      Level
   a - Confusing Touch                Hexes                        1
   b - Confuse                        Hexes                        3
   c - Gell's Gravitas                Translocation                3
   d - Petrify                        Transmutation/Earth          4
   e - Metabolic Englaciation         Hexes/Ice                    5
   f - Yara's Violent Unravelling     Hexes/Transmutation          5
 E - a book of Minor Magic

   Spells                             Type                      Level
   a - Magic Dart                     Conjuration                  1
   b - Blink                          Translocation                2
   c - Call Imp                       Summoning                    2
   d - Slow                           Hexes                        2
   e - Conjure Flame                  Conjuration/Fire             3
   f - Mephitic Cloud                 Conjuration/Poison/Air       3
 F - a book of Callings

   Spells                             Type                      Level
   a - Summon Small Mammal            Summoning                    1
   b - Call Imp                       Summoning                    2
   c - Call Canine Familiar           Summoning                    3
   d - Summon Guardian Golem          Hexes/Summoning              3
   e - Summon Lightning Spire         Summoning/Air                4
   f - Summon Ice Beast               Ice/Summoning                4
 I - a book of Necromancy

   Spells                             Type                      Level
   a - Pain                           Necromancy                   1
   b - Animate Skeleton               Necromancy                   1
   c - Vampiric Draining              Necromancy                   3
   d - Regeneration                   Charms/Necromancy            3
   e - Animate Dead                   Necromancy                   4
   f - Borgnjor's Vile Clutch         Necromancy/Earth             5
 K - a book of Air

   Spells                             Type                      Level
   a - Shock                          Conjuration/Air              1
   b - Swiftness                      Charms/Air                   2
   c - Static Discharge               Conjuration/Air              3
   d - Airstrike                      Air                          4
   e - Lightning Bolt                 Conjuration/Air              5
 M - a book of Transfigurations

   Spells                             Type                      Level
   a - Irradiate                      Conjuration/Transmutation    5
   b - Statue Form                    Transmutation/Earth          6
   c - Hydra Form                     Transmutation                6
   d - Dragon Form                    Transmutation                7
 Q - a Young Poisoner's Handbook

   Spells                             Type                      Level
   a - Sting                          Conjuration/Poison           1
   b - Poisonous Vapours              Poison/Air                   2
   c - Mephitic Cloud                 Conjuration/Poison/Air       3
   d - Olgreb's Toxic Radiance        Poison                       4
   e - Venom Bolt                     Conjuration/Poison           5
 W - a book of the Dragon

   Spells                             Type                      Level
   a - Flame Tongue                   Conjuration/Fire             1
   b - Cause Fear                     Hexes                        4
   c - Bolt of Fire                   Conjuration/Fire             6
   d - Dragon Form                    Transmutation                7
   e - Dragon's Call                  Summoning                    9
Comestibles
 c - 40 rations


   Skills:
 + Level 10.0 Fighting
 + Level 12.5 Axes
 + Level 0.6 Throwing
 * Level 10.9 Armour
 * Level 9.5 Dodging
 + Level 9.2 Shields
 * Level 13.0 Invocations


You had 15 spell levels left.
You didn't know any spells.

Dungeon Overview and Level Annotations

Branches:
Dungeon (15/15)            Temple (0/1) D:4            Lair (6/6) D:9
 Shoals (0/4) Lair:3       Spider (1/4) Lair:3        Slime (0/5) Lair:5
    Orc (2/2) D:9             Elf (0/3) Orc:2        Vaults (0/5) D:14
 Depths (1/5) D:15

Altars:
Ashenzari
Cheibriados
Kikubaaqudgha
Makhleb
Qazlal
Sif Muna
Uskayaw
Vehumet
Zin
The Shining One

Shops:
D:5 !   D:7 *   D:8 [   D:14 *   D:15 *%([!   Orc:2 !}:*

Portals:
Trove: D:15 (give horn of Geryon)

Annotations:
D:11 1 runed door
Lair:3 exclusion: oklob plant


Innate Abilities, Weirdness & Mutations

You have hooves in place of feet.
Armour fits poorly on your strangely shaped body.
You cover ground very quickly.
You have extremely tough skin. (AC +3)
You are surrounded by a mild repulsion field. (EV +2)
You are partially covered in molten scales. (AC +2)
You are partially covered in thin metallic scales. (AC +2)
Your flesh is cold resistant. (rC+)
You occasionally shout uncontrollably at your foes.


Message History

You block the ettin's attack.
You hit the ettin. You freeze the ettin. You kick the ettin.
The ettin is moderately wounded.
The ettin hits you but does no damage. x2
The ettin hits you with a dire flail.
* * * LOW HITPOINT WARNING * * *
You block the ettin's attack.
You hit the ettin. You freeze the ettin. You kick the ettin, but do no damage.
The ettin is moderately wounded.
The ettin hits you but does no damage. You block the ettin's attack.
You hit the ettin but do no damage.
The ettin is moderately wounded.
The boggart casts a spell.
The boggart blinks!
The ettin hits you with a dire flail!!
* * * LOW HITPOINT WARNING * * *
You block the ettin's attack.
You hit the ettin. You freeze the ettin.
The ettin is heavily wounded.
The ettin hits you with a dire flail!
You die...

................>...P............
.................................
.....#.......P.gP...P............
..........P.8..8.................
...##....#.8......P...P..........
...##....##8..8.Dl...8...........
........####...DZZ..8...........<
.##.....# #####C####.....#######
.##.....# #@# #<....#######
.######## #)# #.....#.#.+.. ....#
#.####.....#.[#### )...#
#..........###.... ....#
#####...(..###.... ...##
#...#..#.)#### ...#
######(.#.#)†(. ####
#.......####### #.......#######


You could see a fire dragon, an ice dragon, an ettin, a komodo dragon, a
boggart, a wolf spider zombie and a centaur warrior skeleton.

Vanquished Creatures
  A lich (D:15)
  Rupert (Lair:3)
  A vampire knight (D:15)
  A spark wasp (D:15)
  Snorg (D:11)
  2 fire dragons
  A yaktaur captain (D:15)
  A vault guard (D:14)
  A catoblepas (D:14)
  A hydra (D:14)
  2 ogre magi
  13 two-headed ogres
  A dancing weapon (Volcano)
  A centaur warrior (D:13)
  12 death yaks
  3 tengu warriors
  An orc high priest (Orc:2)
  2 skeletal warriors (D:14)
  Nergalle (D:11)
  4 wizards (Volcano)
  2 deep trolls (Orc:1)
  2 unseen horrors
  2 lindwurms (Lair:6)
  A phantasmal warrior (D:15)
  A necromancer (D:15)
  A wolf spider zombie (D:15)
  An oklob plant (Lair:3)
  A deep elf mage (D:12)
  An orc sorcerer (Orc:2)
  3 wolf spiders
  7 ugly things
  3 manticores
  7 cyclopes
  5 toenail golems (Volcano)
  16 elephants
  5 centaur zombies
  A stone giant skeleton (D:15)
  4 black mambas
  A merfolk siren (Lair:3)
  5 torpor snails (Lair:6)
  3 gargoyles
  7 spiny frogs
  2 komodo dragons
  5 rime drakes
  A spriggan zombie (D:15)
  2 demonic crawlers (Spider:1)
  2 efreet
  4 kobold demonologists
  3 tengu conjurers
  6 jumping spiders (Spider:1)
  18 trolls
  3 tyrant leeches (Lair:6)
  9 hornets
  A slime creature (D:15)
  2 dream sheep (D:8)
  17 blink frogs
  11 hippogriffs
  3 redbacks (Spider:1)
  5 wyverns
  3 tarantellas
  A wyvern (shapeshifter) (D:15)
  A spriggan skeleton (D:15)
  A wraith (D:15)
  4 basilisks
  49 yaks
  A vampire (D:11)
  4 vampire mosquitoes
  A human (shapeshifter) (D:13)
  2 hungry ghosts
  5 wargs
  5 acid dragons
  13 water moccasins
  2 soldier ants (D:12)
  4 porcupines
  15 orc warriors
  5 ice beasts
  2 black bears
  3 phantoms
  6 sky beasts
  3 necrophages
  2 swamp drakes (Lair:6)
  An eye of draining (D:12)
  2 centaurs
  13 wolves
  A boggart (D:15)
  26 ogres
  6 crocodiles
  4 big kobolds (D:8)
  24 bullfrogs
  A wyvern zombie (D:8)
  3 water moccasin zombies (Ossuary)
  8 scorpions
  15 killer bees
  20 wights
  2 howler monkeys
  3 electric eels (D:10)
  8 jellies
  6 crimson imps
  A lava snake (Lair:2)
  2 bullfrog zombies
  11 hounds
  A gnoll shaman (D:4)
  16 orc priests
  25 orc wizards
  3 bullfrog skeletons
  5 centaur skeletons
  5 iguanas
  16 worker ants
  Natasha (twice) (D:3)
  2 killer bee zombies
  3 big kobold zombies (Ossuary)
  A hound zombie (D:10)
  2 mummies (Ossuary)
  A howler monkey zombie (D:11)
  A worker ant zombie (D:6)
  9 gnolls
  12 adders
  3 shadow imps
  An ooze (D:4)
  6 adder skeletons
  4 adder zombies
  3 worms
  2 dart slugs
  9 leopard geckos
  63 orcs
  15 giant cockroaches
  A gnoll zombie (Ossuary)
  8 goblins
  6 hobgoblins
  17 jackals
  13 kobolds
  3 quokkas
  7 bats
  A frilled lizard (D:5)
  A giant cockroach zombie (D:6)
  5 hobgoblin zombies (Ossuary)
  4 kobold zombies (Ossuary)
  A leopard gecko skeleton (D:4)
  2 orc zombies (Ossuary)
  3 rats
  A butterfly (D:11)
  3 fungi (Lair:5)
  A withered plant (D:15)
800 creatures vanquished.

Vanquished Creatures (collateral kills)
  A ynoxinul (Abyss:2)
1 creature vanquished.

Vanquished Creatures (others)
  An entropy weaver (Lair:3)
  A fire dragon (Lair:6)
  3 hydras
  3 two-headed ogres
  A swamp dragon (Lair:6)
  A wizard (Volcano)
  A demonic crawler (Lair:3)
  An ettin zombie (D:15)
  2 orc warriors
  3 electric eels (D:10)
  An iguana (Lair:6)
  A bush (Lair:6)
  11 fungi
  26 plants
  2 withered plants (D:15)
58 creatures vanquished.

Grand Total: 859 creatures vanquished

Notes
Turn   | Place    | Note
-------+----------+-------------------------------------------
     0 | Abyss:1  | Gargoyl the Centaur Abyssal Knight began the quest for the Orb.
     0 | Abyss:1  | Reached XP level 1. HP: 19/19 MP: 2/2
    23 | Abyss:2  | Found a shadowy altar of Dithmenos.
    50 | Abyss:2  | Noticed a ynoxinul
    76 | Abyss:2  | Killed a ynoxinul
    76 | Abyss:2  | Reached XP level 2. HP: 19/27 MP: 3/3
    76 | Abyss:2  | Reached XP level 3. HP: 23/33 MP: 4/4
    76 | Abyss:2  | Reached XP level 4. HP: 28/40 MP: 5/5
    87 | Abyss:2  | Noticed a large abomination
    90 | D:1      | Escaped the Abyss
   430 | D:1      | Reached skill level 1 in Dodging
   747 | D:1      | Reached * piety under Lugonu
  1406 | D:2      | Reached XP level 5. HP: 34/46 MP: 6/6
  1884 | D:2      | Reached ** piety under Lugonu
  2149 | D:3      | Reached XP level 6. HP: 39/53 MP: 8/8
  2158 | D:3      | Reached skill level 3 in Invocations
  2227 | D:3      | Found a burning altar of Makhleb.
  2405 | D:3      | Noticed Natasha
  2414 | D:3      | Killed Natasha
  2563 | D:3      | Noticed Natasha
  2577 | D:3      | Killed Natasha
  2907 | D:4      | Reached XP level 7. HP: 43/60 MP: 9/9
  3137 | D:4      | Got a smoking helmet
  3143 | D:4      | Identified the +0 helmet of Fortification {rF+ Str+2 Dex-3} (You found it on level 4 of the Dungeon)
  3433 | D:4      | Reached skill level 4 in Invocations
  3448 | D:4      | Reached *** piety under Lugonu
  3657 | D:4      | Found a staircase to the Ecumenical Temple.
  3739 | D:5      | Entered Level 5 of the Dungeon
  3964 | D:5      | Reached skill level 1 in Shields
  4222 | D:5      | Found Ycloh's Distillery.
  4225 | D:5      | Bought a potion of heal wounds for 65 gold pieces
  4225 | D:5      | Bought a potion of heal wounds for 65 gold pieces
  4236 | D:5      | Reached XP level 8. HP: 41/67 MP: 11/11
  4312 | D:5      | Found a sand-covered staircase.
  4317 | Ossuary  | Entered an ossuary
  4440 | Ossuary  | Reached skill level 5 in Fighting
  4542 | Ossuary  | Reached **** piety under Lugonu
  5061 | D:6      | Reached skill level 5 in Axes
  5238 | D:6      | Got a distressingly furry chain mail
  5259 | D:6      | Identified the +2 chain mail of the Jabberwock {Int-3 Dex+7} (You found it on level 6 of the Dungeon)
  5351 | D:6      | Reached skill level 5 in Invocations
  5531 | D:6      | Reached XP level 9. HP: 57/74 MP: 11/13
  6257 | D:7      | Found a glowing silver altar of Zin.
  6257 | D:7      | Found Zin's Purification Station.
  6303 | D:7      | Reached skill level 6 in Invocations
  6500 | D:7      | Found a hide-covered altar of Uskayaw.
  6978 | D:8      | Reached skill level 5 in Armour
  7132 | D:8      | Found a shattered altar of Ashenzari.
  7276 | D:8      | Noticed a two-headed ogre
  7454 | D:8      | Banished a two-headed ogre
  7454 | D:8      | Reached XP level 10. HP: 70/83 MP: 9/15
  7991 | D:8      | Found Gemej's Armour Emporium.
  7999 | D:8      | Bought a +1 pair of gloves of dexterity for 214 gold pieces
  8117 | D:8      | Reached skill level 7 in Invocations
  8217 | D:8      | Noticed a three-headed hydra
  8219 | D:8      | Banished a three-headed hydra
  8332 | D:9      | Reached skill level 5 in Dodging
  8424 | D:9      | Found a staircase to the Orcish Mines.
  8427 | D:9      | Noticed a two-headed ogre
  8445 | D:9      | Noticed a cyclops
  8649 | D:9      | Noticed a two-headed ogre
  8660 | D:9      | Killed a cyclops
  8671 | D:9      | Killed a two-headed ogre
  8772 | D:9      | Found a radiant altar of Vehumet.
  8772 | D:9      | Found a glowing golden altar of the Shining One.
  8907 | D:9      | Killed a two-headed ogre
  8907 | D:9      | Reached ***** piety under Lugonu
  8907 | D:9      | Reached XP level 11. HP: 37/88 MP: 16/16
  9119 | D:9      | Found a staircase to the Lair.
  9133 | D:9      | Noticed a two-headed ogre
  9137 | D:9      | Found a deep blue altar of Sif Muna.
  9142 | D:9      | Banished a two-headed ogre
  9142 | D:9      | Reached skill level 8 in Invocations
  9235 | D:9      | Found an ancient bone altar of Kikubaaqudgha.
  9245 | D:9      | Found a stormy altar of Qazlal.
  9248 | D:9      | Found a snail-covered altar of Cheibriados.
  9362 | D:9      | Noticed a two-headed ogre
  9381 | D:9      | Banished a two-headed ogre
  9688 | Lair:1   | Entered Level 1 of the Lair of Beasts
 11083 | Lair:2   | Noticed a seven-headed hydra
 11087 | Lair:2   | Banished a seven-headed hydra
 11676 | Lair:3   | Found a hole to the Spider Nest.
 11853 | Lair:3   | Found a staircase to the Shoals.
 11902 | Lair:3   | Reached skill level 5 in Shields
 12164 | Lair:3   | Noticed an oklob plant
 12185 | Lair:3   | Killed an oklob plant
 12185 | Lair:3   | Reached XP level 12. HP: 46/97 MP: 18/18
 12329 | Lair:3   | Reached skill level 9 in Invocations
 13014 | Lair:3   | Noticed Rupert
 13061 | Lair:3   | Killed Rupert
 13730 | Lair:4   | Noticed a death yak
 13732 | Lair:4   | Noticed a death yak
 13733 | Lair:4   | Noticed a death yak
 13758 | Lair:4   | Noticed a death yak
 13769 | Lair:4   | Killed a death yak
 13790 | Lair:4   | Killed a death yak
 13978 | Lair:3   | Killed a death yak
 14165 | Lair:4   | Killed a death yak
 14649 | Lair:4   | Noticed a six-headed hydra
 14651 | Lair:4   | Banished a six-headed hydra
 14858 | Lair:4   | Noticed a six-headed hydra
 14859 | Lair:4   | Banished a six-headed hydra
 15122 | Lair:5   | Noticed a seven-headed hydra
 15123 | Lair:5   | Banished a seven-headed hydra
 15206 | Lair:5   | Reached skill level 10 in Invocations
 15343 | Lair:5   | Reached XP level 13. HP: 83/107 MP: 20/20
 15731 | Lair:5   | Reached skill level 10 in Axes
 15860 | Lair:5   | Found a dark tunnel.
 15865 | Volcano  | Entered a volcano
 15867 | Volcano  | Gained mutation: You occasionally shout uncontrollably at your foes. [potion of mutation]
 15867 | Volcano  | Gained mutation: You are dopey. (Int -2) [potion of mutation]
 15867 | Volcano  | Gained mutation: You are surrounded by a mild repulsion field. (EV +2) [potion of mutation]
 15867 | Volcano  | Gained mutation: You are partially covered in thin metallic scales. (AC +2) [potion of mutation]
 16386 | Lair:5   | Found a staircase to the Slime Pits.
 16793 | Lair:6   | Entered Level 6 of the Lair of Beasts
 17845 | Lair:6   | Reached skill level 11 in Invocations
 18006 | Lair:6   | Reached XP level 14. HP: 82/116 MP: 22/22
 18514 | Lair:6   | Found a runed door.
 18652 | Lair:6   | Paralysed by a hornet for 3 turns
 19308 | Lair:6   | Got a scorched plate armour
 19343 | Lair:6   | Lost mutation: You occasionally shout uncontrollably at your foes. [potion of mutation]
 19343 | Lair:6   | Lost mutation: You are dopey. (Int -2) [potion of mutation]
 19343 | Lair:6   | Gained mutation: Your flesh is cold resistant. (rC+) [potion of mutation]
 19343 | Lair:6   | Gained mutation: You occasionally shout uncontrollably at your foes. [potion of mutation]
 19343 | Lair:6   | Gained mutation: You are partially covered in molten scales. (AC +2) [potion of mutation]
 19511 | Lair:6   | Identified the +8 plate armour of Aseeh {rF+ Dex+4 SInv} (You found it on level 6 of the Lair of Beasts)
 20152 | D:10     | Entered Level 10 of the Dungeon
 21461 | D:11     | Noticed Nergalle
 21518 | D:11     | Killed Nergalle
 21588 | D:11     | Found a runed door.
 21694 | D:11     | Found a runed door.
 21841 | D:11     | Noticed Snorg
 21901 | D:11     | Killed Snorg
 22328 | D:12     | Reached skill level 10 in Armour
 22582 | D:12     | Reached ****** piety under Lugonu
 23198 | D:13     | Reached skill level 12 in Invocations
 23917 | D:14     | Found Yninuc Quis's General Store.
 23922 | D:14     | Bought a scroll of blinking for 142 gold pieces
 23922 | D:14     | Bought a scroll of blinking for 142 gold pieces
 23949 | D:14     | Reached XP level 15. HP: 104/124 MP: 24/24
 24091 | D:14     | Found a gate to the Vaults.
 24875 | D:15     | Entered Level 15 of the Dungeon
 24929 | D:15     | Found Bisynledi's Armour Emporium.
 24934 | D:15     | Found Jorchioxe's Food Shop.
 24935 | D:15     | Found Bumoy's Assorted Antiques.
 26002 | D:15     | Identified a scroll of acquirement
 26003 | D:15     | Got a smoking centaur barding
 26009 | D:15     | Identified the +3 centaur barding of Feasting {+Inv rElec} (You acquired it on level 15 of the Dungeon)
 26071 | D:15     | Found a staircase to the Depths.
 26347 | D:15     | Bought a runed hand axe for 138 gold pieces
 26499 | D:15     | Found Unluj's Weapon Emporium.
 26536 | D:15     | Found a portal to a secret trove of treasure.
 26690 | D:15     | Found Begar's Distillery.
 26699 | D:15     | Bought a potion of heal wounds for 95 gold pieces
 26699 | D:15     | Bought a potion of heal wounds for 95 gold pieces
 26699 | D:15     | Bought a potion of curing for 57 gold pieces
 26699 | D:15     | Bought a potion of curing for 57 gold pieces
 26699 | D:15     | Bought a potion of curing for 57 gold pieces
 26699 | D:15     | Bought a potion of curing for 57 gold pieces
 27035 | D:13     | You fall through a shaft!
 27194 | Orc:1    | Entered Level 1 of the Orcish Mines
 27526 | Orc:2    | Entered Level 2 of the Orcish Mines
 27526 | Orc:2    | Found Nuopuidd's Gadget Shop.
 28069 | Orc:2    | Found Eroib's Distillery.
 28070 | Orc:2    | Found Iqautaheuts's Book Emporium.
 28306 | Orc:2    | Bought a potion of heal wounds for 70 gold pieces
 28306 | Orc:2    | Bought a potion of curing for 42 gold pieces
 28306 | Orc:2    | Bought a potion of curing for 42 gold pieces
 28306 | Orc:2    | Bought a potion of curing for 42 gold pieces
 28309 | Orc:2    | Found Zumeyj's Assorted Antiques.
 28323 | Orc:2    | Bought a scroll of teleportation for 81 gold pieces
 28571 | Orc:2    | Found a staircase to the Elven Halls.
 29207 | Spider:1 | Entered Level 1 of the Spider Nest
 29226 | Spider:1 | Reached XP level 16. HP: 101/134 MP: 25/25
 29840 | Spider:1 | Reached skill level 10 in Fighting
 30291 | Depths:1 | Entered Level 1 of the Depths
 30291 | Depths:1 | Noticed a lich
 30332 | D:15     | Killed a lich
 30332 | D:15     | Reached skill level 13 in Invocations
 30529 | D:15     | HP: 1/134 [ettin/dire flail (27)]
 30530 | D:15     | Mangled by an ettin

Skill      XL: |  1  2  3  4  5  6  7  8  9 10 11 12 13 14 15 16 |
---------------+-------------------------------------------------+-----
Fighting       | 4 5 6 7 8 9 10 | 10.0
Axes           | 2 3 4 5 6 7 8 9 10 11 12 | 12.5
Dodging        | 1 2 3 4 5 6 7 8 9 |  9.5
Armour         | 2 3 4 5 6 7 8 9 10 | 10.9
Invocations    | 3 4 5 6 7 8 10 11 12 13 | 13.0
Shields        | 1 2 3 4 5 6 7 9 |  9.2
Throwing       | |  0.6

Action                   |  1- 3 |  4- 6 |  7- 9 | 10-12 | 13-15 | 16-18 || total
-------------------------+-------+-------+-------+-------+-------+-------++-------
Melee: Hand axe          |     3 |   180 |   504 |   779 |  2481 |   222 ||  4169
       Kick              |     1 |    25 |   143 |   350 |  1178 |    90 ||  1787
       Broad axe         |       |       |       |       |     7 |       ||     7
Throw: Javelin           |       |       |     2 |     6 |     5 |       ||    13
Invok: Depart the Abyss  |       |     1 |       |       |       |       ||     1
       Banish            |       |       |     3 |    10 |    10 |     4 ||    27
       Bend Space        |       |       |       |       |     2 |     1 ||     3
Evoke: Wand              |       |       |       |       |     1 |       ||     1
  Use: Scroll            |     1 |     9 |     6 |    10 |    16 |       ||    42
       Potion            |       |     1 |     4 |     9 |     7 |     1 ||    22
 Stab: Distracted        |       |       |       |       |     2 |       ||     2
  Eat: Chunk             |       |     5 |     9 |     9 |    29 |       ||    52
       Ration            |       |       |     1 |     5 |     5 |     2 ||    13
Armor: Leather armour    |     2 |    94 |    69 |       |       |       ||   165
       Skin              |       |       |    32 |    13 |       |       ||    45
       Chain mail        |       |       |   134 |   306 |   330 |       ||   770
       Plate armour      |       |       |       |       |  1172 |   248 ||  1420
Dodge: Dodged            |    11 |   110 |    56 |   112 |   626 |    72 ||   987
Block: Large shield      |       |    11 |   330 |   530 |  2133 |   280 ||  3284
